 Dungeon Crawl Stone Soup version 0.31-a0-771-g505c3d19dc (webtiles) character file.

Game seed: 2743752712566430895

2194072 DocEon the Middleweight Champion (level 27, 123/230 HPs)
             Began as a Green Draconian Shapeshifter on Sept 16, 2023.
             Was a High Priest of Elyvilon.
             Escaped with the Orb
             ... and 4 runes on Sept 17, 2023!
             The game lasted 02:38:28 (80439 turns).

DocEon the Middleweight Champion (DrSh)            Turns: 80439, Time: 02:38:29

Health: 123/230    AC: 11    Str: 19    XL:     27
Magic:  37/37      EV: 40    Int: 12    God:    Elyvilon [*****.]
Gold:   5614       SH:  0    Dex: 14    Spells: 26/26 levels left

rFire   + +          +
                       - Unarmed
rCold   + . .        S - melded +5 kite shield {reflect}
rNeg    + . .        (body armour unavailable)
rPois   ∞            Q - melded +2 hat {Stlth+}
rElec   +            B - melded +2 cloak {Will+}
rCorr   +            d - melded +0 pair of fencer's gloves {Riposte Dex+3}
SInv    .            q - melded +3 pair of seven-league boots {Rampage+∞}
Will    +++..        l - amulet "Vitruyff" {Faith rElec rC+}
Stlth   +++          c - ring "Vivy" {Will+ rCorr Stlth+}
HPRegen 0.58/turn    j - ring "Oli Res" {rElec rF+++ rN+ rCorr Str-2 Dex-3}
MPRegen 0.25/turn

%: faith
@: storm-form, flying, studying 3 skills
A: cleaving, insubstantial, flying, reduced hp, (breathe noxious fumes), AC +13,
unfitting armour, (stinger 1), (poison resistance), (cold-blooded), dopey 1,
(fire resistance 1)
0: Orb of Zot
}: 4/15 runes: decaying, serpentine, silver, abyssal
a: Blinkbolt, Begin Untransformation, Renounce Religion, Purification, Heal
Other, Heal Self, Divine Vigour


You escaped.
You worshipped Elyvilon.
Elyvilon was extremely pleased with you.
You were a lightning-filled tempest!
You visited 11 branches of the dungeon, and saw 51 of its levels.
You visited the Abyss 3 times.
You also visited: Ice Cave and Wizlab.

You collected 10227 gold pieces.
You spent 4613 gold pieces at shops.

Inventory:

Missiles
 A - 4 throwing nets
Armour
 b - the scarf "Roqann" {rC+ rF+, Int+4}
   (You found it on level 5 of the Vaults)

   Int+4:     It affects your intelligence (+4).
 d - the +0 pair of fencer's gloves (melded) {Riposte Dex+3}
   (You bought it in a shop on level 1 of the Vaults)

   Riposte:   It allows the wearer to riposte with melee weapons, swiftly
   retaliating against missed or blocked melee attacks.
   Dex+3:     It affects your dexterity (+3).
 q - the +3 pair of seven-league boots (melded) {Rampage+∞}
   (You bought it in a shop on level 3 of the Dungeon)

   Rampage+∞: When moving toward enemies, its wearer moves as far as possible,
   alerting their target en route.
 B - a +2 cloak of willpower (melded)
 Q - a +2 hat of stealth (melded)
 S - a +5 kite shield of reflection (melded)
Jewellery
 c - the ring "Vivy" (left fist) {Will+ rCorr Stlth+}
   (You bought it in a shop on level 2 of the Snake Pit)

   [ring of resist corrosion]

   Will+:     It increases your willpower.
   rCorr:     It protects you from acid and corrosion.
   Stlth+:    It makes you more stealthy.
 e - the ring of Understanding {Int+6 SInv}
   (You took it off a deep elf pyromancer on level 3 of the Elven Halls)

   [ring of see invisible]

   Int+6:     It affects your intelligence (+6).
   SInv:      It lets you see invisible.
 j - the ring "Oli Res" (right fist) {rElec rF+++ rN+ rCorr Str-2 Dex-3}
   (You found it in a wizard's laboratory)

   [ring of positive energy]

   Str-2:     It affects your strength (-2).
   Dex-3:     It affects your dexterity (-3).
   rF+++:     It renders you almost immune to fire.
   rElec:     It insulates you from electricity.
   rN+:       It protects you from negative energy.
   rCorr:     It protects you from acid and corrosion.
 k - the ring of Curus {Fly rN+ Str+4}
   (You bought it in a shop on level 2 of the Orcish Mines)

   [ring of flight]

   Str+4:     It affects your strength (+4).
   rN+:       It protects you from negative energy.
   Fly:       It grants you flight.
 l - the amulet "Vitruyff" (around neck) {Faith rElec rC+}
   (You bought it in a shop on level 2 of the Orcish Mines)

   [amulet of faith]

   Faith:     It allows you to gain divine favour quickly.
   rC+:       It protects you from cold.
   rElec:     It insulates you from electricity.
 m - the ring of Icakuud {rC+ Str+3}
   (You bought it in a shop on level 2 of the Orcish Mines)

   [ring of protection from cold]

   Str+3:     It affects your strength (+3).
   rC+:       It protects you from cold.
 o - the amulet "Cikusopn" {+Blink Regen+ SInv}
   (You found it on level 3 of the Crypt)

   [amulet of regeneration]

   SInv:      It lets you see invisible.
   +Blink:    It lets you blink.
   Regen+:    It increases your rate of health regeneration.
 p - the ring "Simemio" {rPois rC++ rN+ Str-5 Dex-2}
   (You found it on level 3 of the Crypt)

   [ring of positive energy]

   Str-5:     It affects your strength (-5).
   Dex-2:     It affects your dexterity (-2).
   rC++:      It greatly protects you from cold.
   rPois:     It protects you from poison rN+: It protects you from negative
   energy.
 u - the ring "Kituehi" {rN+ Str+2 Int+4 Stlth+}
   (You found it on level 3 of the Crypt)

   [ring of positive energy]

   Str+2:     It affects your strength (+2).
   Int+4:     It affects your intelligence (+4).
   rN+:       It protects you from negative energy.
   Stlth+:    It makes you more stealthy.
 z - a +6 ring of dexterity
 C - the ring of Yheeff {Fly rN+ Int+6}
   (You took it off a tengu reaver on level 5 of the Vaults)

   [ring of intelligence]

   Int+6:     It affects your intelligence (+6).
   rN+:       It protects you from negative energy.
   Fly:       It grants you flight.
 P - a ring of positive energy
Talismans
 f - a blade talisman
 i - a maw talisman
 M - a granite talisman
 R - a dragon-blood talisman
 W - a storm talisman (active)
Wands
 t - a wand of flame (135) (quivered)
 v - a wand of paralysis (54)
 N - a wand of iceblast (23)
 Y - a wand of digging (15)
Scrolls
 h - 3 scrolls of enchant armour
 n - 6 scrolls of silence
 x - 5 scrolls of revelation
 y - 9 scrolls of teleportation
 E - 7 scrolls of butterflies
 I - 8 scrolls of fear
 J - 56 scrolls of identify
 K - 5 scrolls of fog
 X - 4 scrolls of blinking
 Z - 6 scrolls of poison
Potions
 a - 31 potions of curing
 g - 11 potions of mutation
 r - 2 potions of invisibility
 s - a potion of berserk rage
 w - 12 potions of heal wounds
 D - 3 potions of enlightenment
 F - 3 potions of might
 G - 10 potions of attraction
 H - 12 potions of lignification
 L - 10 potions of magic
 O - 4 potions of haste
 T - 2 potions of resistance
 U - 5 potions of cancellation
Miscellaneous
 V - a phial of floods


   Skills:
 + Level 23.4 Fighting
 + Level 20.1 Dodging
 - Level 14.8 Stealth
 - Level 15.0 Shields
 O Level 27 Unarmed Combat
 - Level 20.0 Invocations
 * Level 21.8 Shapeshifting


You had 26 spell levels left.
You didn't know any spells.
Your spell library contained the following spells:

 Spells                   Type           Power      Damage    Failure   Level
 Apportation              Tloc           0%         N/A       32%         1
 Freeze                   Ice            0%         1d3       32%         1
 Kiss of Death            Conj/Necr      0%         2d5       32%         1
 Magic Dart               Conj           0%         1d3       32%         1
 Sandblast                Erth           0%         2d4       32%         1
 Shock                    Conj/Air       0%         1d3       32%         1
 Slow                     Hex            0%         N/A       32%         1
 Sting                    Tmut/Pois      0%         1d3       32%         1
 Summon Small Mammal      Summ           0%         N/A       32%         1
 Call Imp                 Summ           0%         N/A       45%         2
 Cigotuvi's Dreadful Rot  Necr/Pois/Air  0%         N/A       45%         2
 Ensorcelled Hibernation  Hex/Ice        0%         N/A       45%         2
 Jinxbite                 Hex            0%         N/A       45%         2
 Lesser Beckoning         Tloc           0%         N/A       45%         2
 Poisonous Vapours        Pois/Air       0%         N/A       45%         2
 Searing Ray              Conj           0%         2d4       45%         2
 Wereblood                Tmut           0%         N/A       45%         2
 Call Canine Familiar     Summ           0%         N/A       69%         3
 Confusing Touch          Hex            0%         N/A       69%         3
 Dazzling Flash           Conj/Hex       0%         N/A       69%         3
 Frozen Ramparts          Ice            0%         1d1       69%         3
 Gell's Gravitas          Tloc           0%         N/A       69%         3
 Hailstorm                Conj/Ice       0%         3d3       69%         3
 Inner Flame              Hex/Fire       0%         N/A       69%         3
 Mephitic Cloud           Conj/Pois/Air  0%         N/A       69%         3
 Ozocubu's Armour         Ice            0%         N/A       69%         3
 Sigil of Binding         Hex            0%         N/A       69%         3
 Stone Arrow              Conj/Erth      0%         3d7       69%         3
 Summon Guardian Golem    Hex/Summ       0%         N/A       69%         3
 Swiftness                Air            0%         N/A       69%         3
 Teleport Other           Tloc           0%         N/A       69%         3
 Tukima's Dance           Hex            0%         N/A       69%         3
 Vampiric Draining        Necr           0%         2d6       69%         3
 Volatile Blastmotes      Fire/Tloc      0%         2d10      69%         3
 Airstrike                Air            0%         2d(0-16)  97%         4
 Anguish                  Hex/Necr       0%         N/A       97%         4
 Cause Fear               Hex            0%         N/A       97%         4
 Dimensional Bullseye     Hex/Tloc       0%         N/A       97%         4
 Dispel Undead            Necr           0%         3d6       97%         4
 Fulminant Prism          Conj/Hex       0%         3d5       97%         4
 Iskenderun's Mystic Bla  Conj/Tloc      0%         2d3       97%         4
 Leda's Liquefaction      Hex/Erth       0%         N/A       97%         4
 Manifold Assault         Tloc           0%         N/A       97%         4
 Olgreb's Toxic Radiance  Pois           0%         N/A       97%         4
 Passage of Golubria      Tloc           0%         N/A       97%         4
 Sticky Flame             Conj/Fire      0%         2d3       97%         4
 Summon Ice Beast         Ice/Summ       0%         N/A       97%         4
 Summon Lightning Spire   Summ/Air       0%         N/A       97%         4
 Vhi's Electric Charge    Tloc/Air       0%         N/A       97%         4
 Agony                    Necr           0%         N/A       100%        5
 Alistair's Intoxication  Tmut/Pois      0%         N/A       100%        5
 Arcjolt                  Conj/Air       0%         1d10      100%        5
 Fireball                 Conj/Fire      0%         3d3       100%        5
 Iskenderun's Battlesphe  Conj           0%         2d6       100%        5
 Lee's Rapid Deconstruct  Erth           0%         3d4*      100%        5
 Metabolic Englaciation   Hex/Ice        0%         N/A       100%        5
 Silence                  Hex/Air        0%         N/A       100%        5
 Summon Forest            Summ/Tloc      0%         N/A       100%        5
 Summon Mana Viper        Hex/Summ       0%         N/A       100%        5
 Yara's Violent Unravell  Hex/Tmut       0%         3d3       100%        5
 Conjure Ball Lightning   Conj/Air       0%         3x3d6     100%        6
 Dispersal                Tloc           0%         N/A       100%        6
 Eringya's Noxious Bog    Tmut/Pois      0%         4d6       100%        6
 Leda's Unmaking          Conj/Erth      0%         9d1       100%        6
 Plasma Beam              Fire/Air       0%         2x1d10    100%        6
 Simulacrum               Ice/Necr       0%         N/A       100%        6
 Starburst                Conj/Fire      0%         6d3       100%        6
 Summon Cactus Giant      Summ           0%         N/A       100%        6
 Enfeeble                 Hex            0%         N/A       100%        7
 Monstrous Menagerie      Summ           0%         N/A       100%        7
 Ozocubu's Refrigeration  Ice            0%         4d7       100%        7
 Spellforged Servitor     Conj/Summ      0%         N/A       100%        7
 Summon Hydra             Summ           0%         N/A       100%        7
 Discord                  Hex            0%         N/A       100%        8
 Disjunction              Tloc           0%         N/A       100%        8
 Infestation              Necr           0%         N/A       100%        8
 Lehudib's Crystal Spear  Conj/Erth      0%         10d2      100%        8
 Maxwell's Capacitive Co  Air            0%         ∞         100%        8
 Dragon's Call            Summ           0%         N/A       100%        9
 Polar Vortex             Ice            0%         N/A       100%        9
 Sublimation of Blood     Necr           Unusable   N/A       N/A         2
 Animate Armour           Summ/Erth      Unusable   N/A       N/A         4

Dungeon Overview and Level Annotations

Branches:
Dungeon (15/15)            Temple (1/1) D:4            Lair (5/5) D:8
  Swamp (4/4) Lair:3        Snake (4/4) Lair:2        Slime (0/5) Lair:4
    Orc (2/2) D:9             Elf (3/3) Orc:2        Vaults (5/5) D:13
  Crypt (3/3) Vaults:2       Tomb (0/3) Crypt:3      Depths (4/4) D:15
    Zot (5/5) Depths:4      IceCv (visited)          WizLab (visited)

Altars:
Ashenzari
Cheibriados
Dithmenos
Elyvilon
Fedhas
Gozag
Hepliaklqana
Kikubaaqudgha
Makhleb
Nemelex Xobeh
Okawaru
Qazlal
Ru
Sif Muna
Trog
Uskayaw
Vehumet
Wu Jian
Xom
Yredelemnul
Zin
The Shining One
Lugonu

Shops:
D:1 *   D:3 *   Orc:1 :   Orc:2 =:=[   Snake:2 =:=   Vaults:1 [   Vaults:2 [[
Vaults:4 [   Depths:3 [**   Depths:4 *

Portals:
Hell: Depths:1 Depths:2 Depths:3 Depths:4
Abyss: Lair:5 Depths:3
Pandemonium: Depths:2
Ziggurat: Depths:4


Innate Abilities, Weirdness & Mutations

You are a lightning-filled tempest!
Your electrical attacks strike out in all directions at once.
You are incredibly evasive.
Your insubstantial body is immune to petrification, constriction, and being set on fire You are flying.
Your maximum health is decreased, since you lack skill for your form.
Your armour is entirely melded.
You are incapable of wielding weapons or throwing items.
((You can breathe blasts of noxious fumes.))
((Your lurid green scales are hard. (AC +13)))
You cannot fit into any form of body armour.
You are immune to poison.
((Your tail ends in a venomous barb.))
((Your system is resistant to poisons. (rPois)))
((You are cold-blooded and may be slowed by cold attacks.))
You are dopey. (Int -2)
((Your flesh is heat resistant. (rF+)))


Message History

You fly upwards.
There is a stone staircase leading down here.
A hellwing and a smoke demon come into view.
You can't go up here!
The hellwing moves out of view.
The smoke demon moves out of view.
There is a stone staircase leading up here.
You fly upwards.
There is a stone staircase leading down here.
A hellion comes into view.
You can't go up here!
The hellion gestures at you.
The sphere of damnation explodes!
The damnation engulfs you!! The hellion gestures at you.
The sphere of damnation explodes!
The damnation engulfs you!
The damnation engulfs the hellion.
The hellion completely resists.
You blast the hellion!!!!
You kill the hellion!
No target in view!
No target in view!
There is a stone staircase leading up here.
You fly upwards.
There is a stone staircase leading down here.
There is a stone staircase leading up here.
You fly upwards.
There is a stone staircase leading down here.
An Ice Fiend comes into view.
The Ice Fiend completely misses you. The Ice Fiend closely misses you.
You blast the Ice Fiend!!!
Your punch misses the Ice Fiend.
The Ice Fiend is moderately wounded.
You blast the Ice Fiend!!!
The Ice Fiend is almost dead.
The Ice Fiend calls on the powers of darkness!
Your body is wracked with pain!
You blast the Ice Fiend!!!
You kill the Ice Fiend!
No target in view!
You reach down and open the door.
There is an open door here.
There is a staircase leading out of the dungeon here.
You have escaped!

#....####..............+.......'.
#'#..# #############.##.......##
#.#..# #.##.......##
#.###################.###########
.∩..'.....#...........# #
#.#######.##.###'###### #
#.#.....#.##.#.....# #
#'#.....#..#.#.....##############
#...##.###.#.#..v..##............
#..........#.#.....##............
#...###.####.#.....##............
#...###......###'####............
.............##..## #............
...#+#######......###............
......# ######..##............
......######## ##...............
.............# ####............


There were no monsters in sight!

Vanquished Creatures
  3 dread liches
  A pandemonium lord (Depths:3)
  6 orbs of fire (Zot:5)
  Mara (Depths:1)
  7 ancient liches
  The ghost of Zeaxzic Paph the Slayer, a veteran OgBe of Trog (Zot:3)
  Sojobo (Vaults:5)
  3 Killer Klowns (Zot:5)
  Margery (Crypt:1)
  Saint Roka (Depths:1)
  10 caustic shrikes
  A curse toe (Zot:1)
  The ghost of Katt the Executioner, an adept MiFi of the Shining One (Crypt:1)
  the Enchantress (Depths:4)
  8 golden dragons
  Jory (Crypt:1)
  7 bone dragons
  4 electric golems
  2 Ice Fiends
  2 doom hounds (Depths:2)
  Zenata (Elf:3)
  Rupert (Lair:5)
  19 tentacled monstrosities
  2 walking earthen tomes (Depths:2)
  26 Orb Guardians
  A moon troll (WizLab)
  7 titans
  Mlioglotl (Swamp:3)
  11 quicksilver dragons
  A shard shrike skeleton (Crypt:3)
  7 liches
  Grunn (Depths:2)
  9 death cobs
  2 deep elf master archers (Elf:3)
  2 deep elf blademasters (Elf:3)
  11 sphinxes
  An ancient champion (Crypt:1)
  Agnes (Elf:2)
  13 tentacled starspawn
  2 thorn hunters
  Gastronok (Lair:3)
  12 storm dragons
  Aizul (Snake:4)
  17 shadow dragons
  14 tengu reavers
  Roxanne (Swamp:3)
  4 draconian monks
  Kirke (Swamp:1)
  6 draconian knights
  2 fenstrider witches (Swamp:4)
  A fenstrider witch (shapeshifter) (Vaults:5)
  8 frost giants
  5 nagarajas
  14 fire giants
  An iron dragon (Vaults:5)
  22 vault wardens
  10 deep elf sorcerers
  7 draconian scorchers
  The ghost of sjdaat the Basher, a journeyman DsBe of Trog (D:12)
  6 draconian shifters
  6 deep elf elementalists (Elf:3)
  3 curse skulls
  Louise (Swamp:2)
  A ghost moth (Zot:3)
  5 draconian stormcallers
  15 ironbound preservers
  3 ghouls
  6 spriggan defenders
  A cacodemon (WizLab)
  9 war gargoyles
  6 orc warlords
  25 very ugly things
  7 draconian annihilators
  20 stone giants
  2 reapers
  6 vampire knights
  Nessos (Orc:2)
  7 deep elf demonologists
  5 ironbound thunderhulks
  The ghost of CowFu the Markskobold, a journeyman KoHu of Dithmenos (Lair:4)
  15 green draconians
  An eleionoma (Swamp:1)
  14 black draconians
  2 deep elf annihilators (Elf:3)
  8 dire elephants
  7 spark wasps
  2 lorocyprocas
  19 white draconians
  Azrael (D:14)
  20 purple draconians
  3 bunyips
  7 red draconians
  A bunyip (shapeshifter) (Depths:4)
  25 starcursed masses
  11 yellow draconians
  12 ettins
  14 crystal guardians
  9 deep elf death magi
  7 fire dragons
  2 merfolk javelineers
  4 eidola
  2 green deaths (Abyss:2)
  An entropy weaver (Vaults:2)
  14 yaktaur captains
  2 shambling mangroves (Swamp:4)
  4 deep elf high priests
  An entropy weaver (shapeshifter) (Vaults:5)
  Josephine (D:10)
  A great orb of eyes (shapeshifter) (Vaults:5)
  6 jiangshi
  2 spriggan zombies
  2 rakshasas
  12 great orbs of eyes
  9 spriggan air magi
  4 ogre magi (Orc:2)
  31 vault guards
  2 caustic shrike simulacra (IceCv)
  3 catoblepae
  6 salamander tyrants
  5 ice dragons
  A ghost crab (Swamp:1)
  4 centaur warriors
  30 two-headed ogres
  An Orb Guardian zombie (Crypt:2)
  2 peacekeepers
  Erica (Lair:2)
  21 hydras
  9 alligators
  3 spriggan skeletons
  6 ironbound frosthearts
  26 dancing weapons
  13 anacondas
  2 death yaks (Lair:3)
  4 hell hogs (Zot:1)
  7 boulder beetles
  30 naga warriors
  2 satyrs (Abyss:3)
  7 tengu warriors
  13 naga sharpshooters
  6 deep troll shamans
  2 azure jelly zombies
  A demonic crawler (Abyss:2)
  5 vampire magi
  14 deep troll earth magi
  6 thrashing horrors
  Urug (Orc:2)
  15 spriggan berserkers
  2 orc high priests
  4 shock serpents
  A titan skeleton (Crypt:1)
  A soul eater (Depths:2)
  6 wretched stars
  27 hell knights
  An emperor scorpion zombie (Crypt:1)
  A shadow wraith (Crypt:3)
  17 deep elf knights
  2 skysharks
  5 goliath frogs
  13 salamander mystics
  14 skeletal warriors
  A fire crab (shapeshifter) (D:12)
  A skyshark (shapeshifter) (Vaults:4)
  A spriggan rider (Depths:1)
  A storm dragon skeleton (Crypt:3)
  3 sixfirhies (Abyss:2)
  9 iron trolls
  A bunyip zombie (Crypt:1)
  6 spriggan druids
  19 naga ritualists
  A spatial maelstrom (Abyss:2)
  50 deep trolls
  A death drake (Swamp:4)
  4 orange crystal statues
  11 flayed ghosts
  4 spriggan simulacra
  16 swamp dragons
  3 bog bodies
  5 glowing orange brains
  17 ironbound convokers
  9 wizards
  10 deep elf archers
  10 lindwurms
  18 orc knights
  34 deep elf zephyrmancers
  13 necromancers
  18 phantasmal warriors
  12 harpies (Vaults:2)
  An anaconda skeleton (Crypt:1)
  28 deep elf pyromancers
  A bunyip skeleton (Crypt:2)
  A stone giant zombie (Depths:1)
  24 mana vipers
  41 ugly things
  6 orc sorcerers
  A wolf spider (D:15)
  8 cyclopes
  A shadow dragon skeleton (Crypt:1)
  25 moths of wrath
  3 will-o-the-wisps
  10 elephants
  2 worldbinders
  31 salamanders
  A centaur zombie (Abyss:2)
  A jorogumo skeleton (Crypt:1)
  7 manticores
  2 apocalypse crabs
  57 black mambas
  7 guardian serpents
  A frost giant skeleton (Depths:1)
  A human skeleton (Crypt:3)
  20 vault sentinels
  6 smoke demons
  26 naga magi
  A dire elephant zombie (Crypt:1)
  2 torpor snails
  5 eyes of devastation (WizLab)
  A fire giant skeleton (Depths:1)
  A centaur skeleton (Crypt:3)
  2 dire elephant skeletons
  11 gargoyles
  8 cane toads
  2 hellions
  A black draconian zombie (Crypt:1)
  A tormentor (Depths:2)
  An orange demon (Abyss:2)
  3 unseen horrors
  An elephant slug zombie (Crypt:1)
  6 rime drakes
  A kobold demonologist (D:12)
  An efreet (D:14)
  8 komodo dragons
  45 yaktaurs
  3 anaconda simulacra
  An ice devil (Depths:3)
  3 golden dragon simulacra (IceCv)
  5 ancient zymes
  4 tengu conjurers
  An unseen horror zombie (Crypt:2)
  16 trolls
  2 guardian mummies (Crypt:3)
  A meliai (shapeshifter) (Lair:5)
  6 freezing wraiths
  3 red devils (Crypt:3)
  6 meliai
  3 polar bears (Lair:5)
  Grinder (D:6)
  A bloated husk (Swamp:3)
  8 tyrant leeches
  3 hydra skeletons (Crypt:1)
  2 alligator simulacra
  14 hornets
  3 harpy skeletons
  34 blink frogs
  7 raiju
  An ice dragon zombie (Crypt:1)
  13 flying skulls
  A slime creature (shapeshifter) (D:15)
  3 air elementals
  A jumping spider (Vaults:2)
  A jumping spider (shapeshifter) (Vaults:1)
  A centaur simulacrum (D:15)
  9 shadows
  48 slime creatures
  7 wyverns
  15 wraiths
  A culicivora (shapeshifter) (Elf:1)
  3 vampires
  27 spriggans
  A spriggan (shapeshifter) (Abyss:2)
  7 fire elementals
  An ushabti (Crypt:3)
  11 water elementals
  8 ynoxinuls
  4 dire elephant simulacra
  4 fire bats (Abyss:2)
  39 yaks
  14 neqoxecs
  14 basilisks
  A basilisk (shapeshifter) (D:15)
  4 hogs (Swamp:1)
  11 chaos spawn
  A steam dragon (D:6)
  16 large abominations
  15 vampire mosquitoes
  A redback simulacrum (D:12)
  3 wargs
  2 redbacks (Vaults:2)
  A spatial vortex (Abyss:2)
  13 swamp worms
  A minotaur simulacrum (Crypt:1)
  A demonspawn zombie (Crypt:2)
  5 harpy simulacra
  A naga zombie (Crypt:1)
  48 nagas
  A faun zombie (Crypt:1)
  A hydra simulacrum (IceCv)
  2 hell hounds (D:14)
  3 acid dragons
  18 water moccasins
  A tengu skeleton (Depths:1)
  8 swamp drakes
  4 black bears
  An ice beast (D:6)
  A manticore zombie (Crypt:2)
  27 ogres
  An ettin simulacrum (IceCv)
  26 orc warriors
  A boggart (shapeshifter) (D:14)
  14 wolves
  5 centaurs
  2 phantoms
  3 kobold brigands
  6 necrophages
  4 earth elementals
  14 bullfrogs
  3 scorpions
  A scorpion (shapeshifter) (Vaults:5)
  A deep troll simulacrum (Swamp:2)
  An elf skeleton (Crypt:2)
  9 wights
  20 killer bees
  A swamp dragon simulacrum (Crypt:1)
  A lindwurm simulacrum (IceCv)
  2 howler monkeys
  5 electric eels
  A crimson imp (D:4)
  A human zombie (Crypt:1)
  16 orc priests
  23 small abominations
  A gnoll bouda (D:6)
  7 jellies
  6 quasits
  A hound (D:6)
  4 iguanas
  20 orc wizards
  Terence (D:2)
  A sleepcap (D:5)
  Ijyb (D:5)
  Natasha (thrice) (D:4)
  An ogre zombie (Crypt:1)
  9 mummies (Crypt:3)
  7 gnolls (D:6)
  A steam dragon zombie (Crypt:1)
  7 adders
  A shadow imp (D:6)
  3 ufetubi
  9 worms
  A dart slug (D:3)
  67 orcs
  7 ball pythons
  13 endoplasms
  3 giant cockroaches
  4 goblins
  6 hobgoblins (D:1)
  15 kobolds
  4 quokkas
  6 bats
  An endoplasm zombie (Crypt:2)
  4 frilled lizards
  A gnoll skeleton (Crypt:2)
  A kobold skeleton (Crypt:1)
  A quokka skeleton (Crypt:2)
  8 rats
  A lurking horror (Abyss:3)
  9 starspawn tentacles
2702 creatures vanquished.

Vanquished Creatures (collateral kills)
  An eleionoma (Swamp:4)
  A deep troll earth mage (Depths:2)
  A spriggan (Swamp:3)
  A bloated husk (Swamp:3)
  A hornet (Swamp:3)
  A swamp drake (Swamp:4)
  A killer bee (D:9)
7 creatures vanquished.

Vanquished Creatures (others)
  A draconian knight (Zot:5)
  A naga sharpshooter (Snake:4)
  A hell knight (Vaults:4)
  A phantasmal warrior (Vaults:5)
  A necromancer (Depths:1)
  A deep elf zephyrmancer (Elf:3)
  A troll (D:12)
  A bloated husk (Swamp:3)
  A quasit (Abyss:2)
  10 foxfires (Swamp:2)
  A lurking horror (Abyss:2)
  21 starspawn tentacles
41 creatures vanquished.

Grand Total: 2750 creatures vanquished

Notes
Turn   | Place    | Note
-------+----------+-------------------------------------------
     0 | D:1      | DocEon the Draconian Shapeshifter began the quest for the
                  | Orb.
     0 | D:1      | Reached XP level 1. HP: 16/16 MP: 1/1
   292 | D:1      | Reached XP level 2. HP: 23/23 MP: 2/2
   399 | D:1      | Found Owkaviupp's General Store.
   917 | D:1      | Found a faded altar of an unknown god.
  1203 | D:1      | Reached XP level 3. HP: 28/28 MP: 3/3
  1335 | D:2      | Reached XP level 4. HP: 28/35 MP: 4/4
  1547 | D:2      | Noticed Terence
  1559 | D:2      | Killed Terence
  1560 | D:2      | Reached skill level 5 in Shapeshifting
  1797 | D:3      | Noticed a phantom
  1811 | D:3      | Killed a phantom
  1812 | D:3      | Reached XP level 5. HP: 26/40 MP: 5/5
  2148 | D:3      | Found Utejef's Assorted Antiques.
  2156 | D:3      | Bought a golden potion for 15 gold pieces
  2234 | D:3      | Found a stormy altar of Qazlal.
  2235 | D:3      | Found an ancient bone altar of Kikubaaqudgha.
  2235 | D:3      | Found a basalt altar of Yredelemnul.
  2696 | D:4      | Reached XP level 6. HP: 47/47 MP: 6/6
  2864 | D:4      | Identified a scroll of acquirement
  2871 | D:4      | Acquired 1000 gold pieces
  2933 | D:4      | Found a staircase to the Ecumenical Temple.
  2943 | Temple   | Entered the Ecumenical Temple
  2961 | Temple   | Became a worshipper of Elyvilon the Healer
  3040 | D:3      | Bought a hat for 68 gold pieces
  3040 | D:3      | Bought a tubular ivory ring for 85 gold pieces
  3040 | D:3      | Bought the +3 pair of seven-league boots {Rampage+∞} for
                  | 680 gold pieces
  3040 | D:3      | Found the +3 pair of seven-league boots {Rampage+∞}
  3139 | D:4      | Noticed Natasha
  3148 | D:4      | Killed Natasha
  3259 | D:4      | Noticed Natasha
  3267 | D:4      | Killed Natasha
  3306 | D:4      | Found a radiant altar of Vehumet.
  3306 | D:4      | Found a burning altar of Makhleb.
  3449 | D:4      | Noticed Natasha
  3452 | D:4      | Killed Natasha
  3507 | D:5      | Entered Level 5 of the Dungeon
  3550 | D:5      | Found a glowing golden altar of the Shining One.
  3571 | D:5      | Noticed Ijyb
  3573 | D:5      | Paralysed by Ijyb for 5 turns
  3580 | D:5      | Killed Ijyb
  3581 | D:5      | Your scales start taking on a lurid green colour.
  3581 | D:5      | Reached XP level 7. HP: 49/52 MP: 7/7
  3581 | D:5      | Gained mutation: Your system is resistant to poisons.
                  | (rPois) [Green Draconian growth]
  3625 | D:5      | Reached * piety under Elyvilon
  3750 | D:5      | Reached skill level 1 in Invocations
  4132 | D:5      | Found an ornate altar of the Wu Jian Council.
  4235 | D:5      | Noticed a moth of wrath
  4238 | D:5      | Found a bloodstained altar of Trog.
  4349 | D:6      | Reached skill level 4 in Unarmed Combat
  4358 | D:6      | Found a shimmering altar of Xom.
  4494 | D:6      | Reached XP level 8. HP: 50/62 MP: 9/9
  4604 | D:6      | Reached ** piety under Elyvilon
  4689 | D:6      | Noticed Grinder
  4696 | D:6      | Killed Grinder
  4697 | D:6      | Reached skill level 5 in Unarmed Combat
  4929 | D:6      | Found a glowing silver altar of Zin.
  4957 | D:6      | Reached skill level 6 in Unarmed Combat
  5372 | D:6      | Found a sacrificial altar of Ru.
  5603 | D:7      | Reached XP level 9. HP: 37/71 MP: 11/11
  6429 | D:7      | Reached skill level 7 in Unarmed Combat
  6534 | D:8      | Reached skill level 5 in Fighting
  6778 | D:8      | Reached *** piety under Elyvilon
  6864 | D:8      | Reached skill level 5 in Invocations
  6904 | D:8      | Reached skill level 5 in Dodging
  6910 | D:8      | Reached skill level 8 in Unarmed Combat
  6920 | D:8      | Reached XP level 10. HP: 53/83 MP: 13/13
  7055 | D:8      | Found a staircase to the Lair.
  7245 | D:8      | Found a hide-covered altar of Uskayaw.
  7348 | D:9      | Reached skill level 1 in Stealth
  7502 | D:9      | Found an opulent altar of Gozag.
  7594 | Lair:1   | Entered Level 1 of the Lair of Beasts
  7771 | D:9      | Reached skill level 9 in Unarmed Combat
  7815 | D:9      | Reached **** piety under Elyvilon
  8031 | D:9      | Noticed a two-headed ogre
  8051 | D:9      | Killed a two-headed ogre
  8052 | D:9      | Reached XP level 11. HP: 91/92 MP: 14/14
  8107 | D:9      | Reached skill level 10 in Unarmed Combat
  8257 | D:9      | Found a staircase to the Orcish Mines.
  8367 | D:9      | Found a shadowy altar of Dithmenos.
  8704 | D:10     | Entered Level 10 of the Dungeon
  8789 | D:10     | Noticed a two-headed ogre
  8796 | D:10     | Killed a two-headed ogre
  8939 | D:10     | Noticed Josephine
  8955 | D:10     | Killed Josephine
  9001 | D:10     | Noticed a two-headed ogre
  9017 | D:10     | Killed a two-headed ogre
  9018 | D:10     | Reached skill level 11 in Unarmed Combat
  9623 | Lair:1   | Reached XP level 12. HP: 80/103 MP: 15/15
  9638 | Lair:1   | Reached skill level 5 in Stealth
  9638 | Lair:1   | Reached skill level 10 in Shapeshifting
  9917 | Lair:1   | Reached skill level 12 in Unarmed Combat
 10134 | Lair:1   | Reached ***** piety under Elyvilon
 10341 | Lair:1   | Noticed an eight-headed hydra
 10355 | Lair:1   | Killed an eight-headed hydra
 10521 | Lair:1   | Noticed a catoblepas
 10546 | Lair:1   | Found a runed translucent door.
 10594 | Lair:1   | Noticed a catoblepas
 10610 | Lair:1   | Killed a catoblepas
 10980 | Lair:1   | Killed a catoblepas
 11072 | Lair:2   | Identified the +10 war axe "Xuahuw" {pain, rElec Str+3}
 11136 | Lair:2   | Noticed Erica
 11142 | Lair:2   | Killed Erica
 11348 | Lair:2   | Found a staircase to the Snake Pit.
 11487 | Lair:2   | Reached skill level 13 in Unarmed Combat
 11872 | Lair:3   | Noticed a death yak
 11873 | Lair:3   | Noticed a death yak
 11892 | Lair:3   | Killed a death yak
 11897 | Lair:3   | Killed a death yak
 11898 | Lair:3   | Reached XP level 13. HP: 104/113 MP: 16/16
 11990 | Lair:3   | Reached skill level 10 in Fighting
 12204 | Lair:3   | Noticed Gastronok
 12218 | Lair:3   | Killed Gastronok
 12345 | Lair:3   | Reached ****** piety under Elyvilon
 12612 | Lair:3   | Found a staircase to the Swamp.
 13188 | Lair:4   | Found a transporter.
 13341 | Lair:4   | Noticed CowFu's ghost (journeyman KoHu)
 13344 | Lair:4   | Found a transporter.
 13418 | Lair:4   | Reached skill level 14 in Unarmed Combat
 13599 | Lair:4   | Found a staircase to the Slime Pits.
 13953 | Lair:4   | Acquired a manual of Invocations
 13972 | Lair:5   | Entered Level 5 of the Lair of Beasts
 14158 | Lair:5   | Noticed Rupert
 14569 | Lair:5   | Killed Rupert
 14570 | Lair:5   | Gained mutation: Your tail ends in a venomous barb. [Green
                  | Draconian growth]
 14570 | Lair:5   | Reached XP level 14. HP: 124/124 MP: 19/19
 15156 | Lair:5   | Identified the +0 robe "Wuacyev" {rPois rC+ Str-3}
 15156 | Lair:5   | Paralysed by a spriggan for 2 turns
 15377 | Lair:5   | Found a corrupted altar of Lugonu.
 15377 | Lair:5   | Found a one-way gate to the infinite horrors of the Abyss.
 15394 | Lair:5   | Identified the +8 mace of the Youths {heavy, rElec Stlth+}
 15778 | Orc:1    | Entered Level 1 of the Orcish Mines
 15780 | Orc:1    | Paralysed by an orc sorcerer for 2 turns
 16065 | Orc:1    | Reached skill level 15 in Unarmed Combat
 16136 | Orc:1    | Found Merap's Self-Improvement Boutique.
 16534 | Orc:2    | Entered Level 2 of the Orcish Mines
 16543 | Orc:2    | Noticed Urug
 16551 | Orc:2    | Killed Urug
 16552 | Orc:2    | Reached skill level 10 in Dodging
 16552 | Orc:2    | Reached skill level 10 in Invocations
 16649 | Orc:2    | Elyvilon protects you from harm!
 16917 | Orc:2    | Found a staircase to the Elven Halls.
 16937 | Orc:2    | Noticed Nessos
 16943 | Orc:2    | Killed Nessos
 17356 | Orc:2    | Found Gudgha's Book Shop.
 17356 | Orc:2    | Found Kittan's Armour Shoppe.
 17356 | Orc:2    | Found Tefuo's Jewellery Emporium.
 17356 | Orc:2    | Found Vawoewamedgh's Jewellery Shop.
 17363 | Orc:2    | Reached XP level 15. HP: 133/133 MP: 23/23
 18286 | D:12     | Reached skill level 16 in Unarmed Combat
 18725 | D:12     | Noticed sjdaat's ghost (journeyman DsBe)
 18735 | D:12     | Found a transporter.
 18755 | D:12     | Found a transporter.
 19008 | D:12     | Noticed a tengu reaver
 19022 | D:12     | Killed a tengu reaver
 19917 | D:12     | Killed sjdaat's ghost
 19919 | D:12     | Gained mutation: You are vulnerable to heat. (rF-) [a
                  | neqoxec]
 19925 | D:12     | Got the ring "Onenkyrgh" {rCorr Dex+6}
 19935 | D:12     | Lost mutation: You are vulnerable to heat. (rF-) [potion of
                  | mutation]
 19935 | D:12     | Gained mutation: You are somewhat resistant to further
                  | mutation. [potion of mutation]
 20136 | Lair:4   | Killed CowFu's ghost
 21223 | Orc:2    | Bought the amulet "Vitruyff" {Faith rElec rC+} for 671 gold
                  | pieces
 21223 | Orc:2    | Bought the ring of Icakuud {rC+ Str+3} for 421 gold pieces
 21587 | D:13     | Found a gate to the Vaults.
 22044 | D:13     | Identified the +3 chain mail of Jiupadgh {rN++ Will- Str+4}
 22182 | D:13     | Reached skill level 17 in Unarmed Combat
 22379 | D:14     | Reached XP level 16. HP: 102/144 MP: 25/25
 22692 | D:14     | Noticed Azrael
 22719 | D:14     | Killed Azrael
 23540 | D:15     | Entered Level 15 of the Dungeon
 24022 | D:15     | Found a sacrificial altar of Ru.
 24235 | D:15     | Found a staircase to the Depths.
 24869 | Swamp:1  | Entered Level 1 of the Swamp
 25202 | Orc:2    | Bought the ring of Curus {Fly rN+ Str+4} for 593 gold
                  | pieces
 25362 | Snake:1  | Entered Level 1 of the Snake Pit
 26483 | Swamp:1  | Noticed Kirke
 26496 | Swamp:1  | Killed Kirke
 26938 | Swamp:2  | Noticed a tentacled monstrosity
 26940 | Swamp:2  | Noticed Louise
 26942 | Swamp:2  | Found a frozen archway.
 27108 | Swamp:2  | Killed a tentacled monstrosity
 27207 | IceCv    | Entered an ice cave
 27233 | IceCv    | Reached skill level 18 in Unarmed Combat
 27560 | IceCv    | Reached XP level 17. HP: 102/152 MP: 8/28
 27775 | Swamp:2  | Killed Louise
 28356 | Swamp:2  | Identified the +4 quarterstaff of Ambiguity {spect, rPois
                  | rC+}
 28774 | Swamp:3  | Reached skill level 15 in Invocations
 28862 | Swamp:3  | Noticed Roxanne
 28879 | Swamp:3  | Killed Roxanne
 29677 | Swamp:3  | Noticed Mlioglotl
 30045 | Swamp:3  | Killed Mlioglotl
 30316 | Swamp:4  | Entered Level 4 of the Swamp
 31320 | Swamp:4  | Got a decaying rune of Zot
 31603 | Swamp:4  | Reached skill level 19 in Unarmed Combat
 31910 | Snake:1  | Reached skill level 1 in Shields
 32203 | Snake:1  | Reached skill level 15 in Fighting
 32234 | Snake:1  | Reached XP level 18. HP: 102/163 MP: 5/29
 33428 | Snake:2  | Found Queh's Jewellery Shoppe.
 33428 | Snake:2  | Found Paclif's Jewellery Shoppe.
 33428 | Snake:2  | Found Osexokk's Book Boutique.
 33442 | Snake:2  | Bought the ring "Vivy" {Will+ rCorr Stlth+} for 495 gold
                  | pieces
 34408 | Snake:3  | Reached skill level 5 in Shields
 36407 | Snake:3  | Reached skill level 20 in Unarmed Combat
 36985 | Snake:4  | Entered Level 4 of the Snake Pit
 36990 | Snake:4  | Reached XP level 19. HP: 172/172 MP: 30/30
 37063 | Snake:4  | HP: 7/172 [salamander/+0 glaive (5)]
 38246 | Snake:4  | Noticed Aizul
 38270 | Snake:4  | Killed Aizul
 38800 | Snake:4  | Reached skill level 15 in Shapeshifting
 40075 | Snake:4  | Got a serpentine rune of Zot
 40430 | Vaults:1 | Entered Level 1 of the Vaults
 41211 | Vaults:1 | Found Ehyomuz's Armour Emporium.
 41219 | Vaults:1 | Bought the +0 pair of fencer's gloves {Riposte Dex+3} for
                  | 840 gold pieces
 41219 | Vaults:1 | Found the +0 pair of fencer's gloves {Riposte Dex+3}
 41965 | Vaults:1 | Identified the staff "Hiothric" {rN+ Int+3 Necro}
 42319 | Vaults:2 | Found a staircase to the Crypt.
 42319 | Vaults:2 | Found an ancient bone altar of Kikubaaqudgha.
 42319 | Vaults:2 | Found a basalt altar of Yredelemnul.
 42348 | Vaults:2 | Reached skill level 21 in Unarmed Combat
 42360 | Vaults:2 | Reached XP level 20. HP: 67/236 MP: 40/40
 42744 | Vaults:2 | Reached skill level 10 in Shields
 42970 | Vaults:2 | Found Goffargh's Antique Armour Shop.
 43307 | Vaults:2 | Found Usobuokh's Antique Armour Emporium.
 44015 | Vaults:3 | Found a magical portal.
 44024 | WizLab   | Entered Lehudib's Moon Base
 44390 | WizLab   | Identified the ring "Oli Res" {rElec rF+++ rN+ rCorr Str-2
                  | Dex-3}
 44833 | WizLab   | Found a transporter.
 44938 | WizLab   | Found a transporter.
 45074 | WizLab   | Reached XP level 21. HP: 61/191 MP: 29/32
 45767 | WizLab   | Got uncut
 45823 | WizLab   | Identified the ring "Maczatew" {rElec rPois rF+ Str+5
                  | Dex-4}
 45898 | WizLab   | Identified the +3 hand axe "Taxuegg" {heavy, rC- Str+4
                  | Int+2 Stlth+}
 46636 | Vaults:3 | Reached skill level 22 in Unarmed Combat
 46852 | Vaults:3 | Reached skill level 15 in Dodging
 47833 | Vaults:4 | Found Xaeckynu's Armour Shop.
 48424 | Depths:1 | Entered Level 1 of the Depths
 48438 | Depths:1 | Reached skill level 10 in Stealth
 49040 | Elf:1    | Entered Level 1 of the Elven Halls
 49286 | Elf:1    | Got a black
 50034 | Elf:2    | Noticed Agnes
 50038 | Elf:2    | Killed Agnes
 50546 | Elf:2    | Found a runed translucent gate.
 50546 | Elf:2    | Found a runed translucent gate.
 50546 | Elf:2    | Found a runed translucent gate.
 50558 | Elf:2    | Reached XP level 22. HP: 187/201 MP: 33/33
 50774 | Elf:2    | Paralysed by an air elemental for 1 turns
 51954 | Elf:3    | Entered Level 3 of the Elven Halls
 51979 | Elf:3    | Noticed Zenata
 52012 | Elf:3    | Killed Zenata
 52883 | Elf:3    | Reached skill level 23 in Unarmed Combat
 53199 | Elf:3    | Identified the +2 robe "Trusted Companion" {Rampage Regen+
                  | Str-5 Int+2}
 53199 | Elf:3    | Identified the ring of Understanding {Int+6 SInv}
 53365 | Elf:3    | Identified the staff "Huediy" {rC+ Int+8 Ice}
 53373 | Elf:3    | Got torn
 53420 | Elf:3    | Got a conspicuous
 53472 | Elf:3    | Identified the +1 spear of Frustration {spect, rElec Int+4
                  | Dex+4 Stlth-}
 53928 | Crypt:1  | Entered Level 1 of the Crypt
 54146 | Crypt:1  | Noticed Margery
 54185 | Crypt:1  | Killed Margery
 54244 | Crypt:1  | Noticed Katt's ghost (adept MiFi)
 54256 | Crypt:1  | Found a runed translucent door.
 54269 | Crypt:1  | Noticed Jory
 54290 | Crypt:1  | Killed Jory
 54524 | Crypt:1  | Killed Katt's ghost
 55587 | Crypt:2  | Reached skill level 15 in Shields
 56032 | Crypt:2  | Reached XP level 23. HP: 211/211 MP: 34/34
 56555 | Crypt:3  | Entered Level 3 of the Crypt
 57157 | Crypt:3  | Found a staircase to the Tomb.
 57158 | Crypt:3  | Found the +5 scythe "Finisher" {speed, execute}
 57303 | Crypt:3  | Identified the amulet "Cikusopn" {+Blink Regen+ SInv}
 57303 | Crypt:3  | Identified the ring "Simemio" {rPois rC++ rN+ Str-5 Dex-2}
 57303 | Crypt:3  | Identified the ring "Kituehi" {rN+ Str+2 Int+4 Stlth+}
 58104 | Crypt:3  | Found an ancient bone altar of Kikubaaqudgha.
 58125 | Crypt:3  | Noticed an ancient lich
 58138 | Crypt:3  | Killed an ancient lich
 58234 | Crypt:3  | Identified the ring "Rikidgh" {rF- MP+9 Dex+5}
 58255 | Crypt:3  | Got a grimy
 58276 | Crypt:3  | Got an illuminated
 58282 | Crypt:3  | Got an exquisite
 58969 | Depths:1 | Noticed Saint Roka
 58992 | Depths:1 | Killed Saint Roka
 59240 | Depths:1 | Reached skill level 24 in Unarmed Combat
 59629 | Depths:1 | Found a gateway to Hell.
 59630 | Depths:1 | Noticed Mara
 59677 | Depths:1 | Noticed DocEon's illusion
 59680 | Depths:1 | Noticed DocEon's illusion
 59683 | Depths:1 | Killed Mara
 59836 | Depths:1 | Found a runed translucent door.
 60390 | Abyss:2  | Cast into level 2 of the Abyss (orc warlord)
 60990 | Abyss:2  | Found a corrupted altar of Lugonu.
 61056 | Depths:1 | Escaped the Abyss
 61435 | Depths:2 | Identified the +0 leather armour of the Great Game {rElec
                  | rF- Str+2 Stlth+}
 61749 | Depths:2 | Reached XP level 24. HP: 222/222 MP: 34/34
 64182 | Depths:2 | Noticed Grunn
 64191 | Depths:2 | Killed Grunn
 64504 | Depths:1 | Reached skill level 25 in Unarmed Combat
 65100 | Depths:2 | Found a one-way gate leading to the halls of Pandemonium.
 65204 | Depths:3 | Found Miwnip's Antique Armour Shop.
 65217 | Depths:3 | Found Icve's Assorted Antiques.
 65219 | Depths:3 | Found Foypp's General Store.
 65228 | Depths:3 | Bought a potion of haste for 190 gold pieces
 65228 | Depths:3 | Bought a scroll of teleportation for 57 gold pieces
 65230 | Depths:3 | Bought a scroll of blinking for 277 gold pieces
 65230 | Depths:3 | Bought a knobbly moonstone ring for 185 gold pieces
 65673 | Depths:3 | Found a shimmering blue altar of Sif Muna.
 66143 | Depths:4 | Entered Level 4 of the Depths
 66284 | Depths:4 | Noticed the Enchantress
 66313 | Depths:4 | Killed the Enchantress
 66314 | Depths:4 | Reached XP level 25. HP: 52/232 MP: 35/35
 66319 | Depths:4 | Found a one-way gateway to a ziggurat.
 67253 | Depths:4 | Found Xeudgh's General Store.
 67262 | Depths:4 | Bought a scroll of teleportation for 36 gold pieces
 67285 | Depths:4 | Found a gate to the Realm of Zot.
 68085 | Vaults:5 | Entered Level 5 of the Vaults
 69018 | Abyss:2  | Cast into level 2 of the Abyss (vault guard)
 69034 | Abyss:2  | Paralysed by accursed screaming for 1 turns
 69457 | Vaults:5 | Escaped the Abyss
 69662 | Vaults:4 | Reached skill level 26 in Unarmed Combat
 69871 | Vaults:5 | Noticed an ancient lich
 69884 | Vaults:5 | Noticed a dread lich
 69887 | Vaults:5 | Noticed Sojobo
 69890 | Vaults:5 | Killed a dread lich
 69894 | Vaults:5 | Paralysed by an air elemental for 1 turns
 69953 | Vaults:5 | Killed Sojobo
 70365 | Vaults:5 | Identified the +3 flail "Jeeken" {heavy, +Blink rElec}
 70420 | Vaults:5 | Got a fuliginous
 70534 | Vaults:5 | Reached XP level 26. HP: 244/244 MP: 35/35
 70542 | Vaults:5 | Identified the +1 war axe "Orawiosch" {elec, Will+ MP+9}
 70729 | Vaults:5 | Killed an ancient lich
 70778 | Vaults:5 | Identified the amulet of Noukub {Acrobat rN+ Int+2 Dex-5}
 70790 | Vaults:5 | Identified the +4 scale mail of Ashenzari's Approval {rN+
                  | Int-4 Dex+4}
 71048 | Vaults:5 | Identified the +7 rapier "Cularphow" {spect, rF+ Dex+4}
 71048 | Vaults:5 | Identified the ring of Yheeff {Fly rN+ Int+6}
 71204 | Vaults:5 | Identified the amulet "Waxuf" {Acrobat Drain +Inv SInv}
 71239 | Vaults:5 | Identified the +0 chain mail "Jonagep" {-Cast +Inv rN++
                  | rCorr}
 71338 | Vaults:5 | Identified the +4 morningstar of Viepty {freeze, rPois rN+
                  | MP+9 Str+5}
 71339 | Vaults:5 | Identified the scarf "Roqann" {rC+ rF+, Int+4}
 71353 | Vaults:5 | Identified the +1 pair of gloves of Pesiezil {Rampage Int+4
                  | Dex+3}
 71485 | Vaults:5 | Got a silver rune of Zot
 71506 | Vaults:5 | Got ragged
 72058 | Depths:3 | Voluntarily entered the Abyss.
 72191 | Abyss:3  | Got an abyssal rune of Zot
 72233 | Depths:3 | Escaped the Abyss
 72403 | Zot:1    | Entered Level 1 of the Realm of Zot
 74769 | Zot:2    | Reached skill level 27 in Unarmed Combat
 75506 | Zot:3    | You fall into a shaft and drop 1 floor!
 75571 | Zot:3    | Noticed Zeaxzic Paph's ghost (veteran OgBe)
 75571 | Zot:3    | Noticed an ancient lich
 75571 | Zot:3    | Noticed a dread lich
 75571 | Zot:3    | Found a runed translucent gate.
 75571 | Zot:3    | Found a runed translucent gate.
 75571 | Zot:3    | Found an ancient bone altar of Kikubaaqudgha.
 75571 | Zot:3    | Found a runed translucent gate.
 75879 | Zot:3    | Reached XP level 27. HP: 118/355 MP: 50/50
 76562 | Zot:3    | Noticed a dread lich
 76563 | Zot:3    | Noticed an ancient lich
 76947 | Zot:3    | Killed a dread lich
 76947 | Zot:3    | Killed an ancient lich
 76957 | Zot:3    | Killed an ancient lich
 76962 | Zot:3    | Killed a dread lich
 76972 | Zot:3    | Killed Zeaxzic Paph's ghost
 76983 | Zot:3    | Identified the +1 cloak of Bad Feelings {rF- Str+5 Int+5}
 76988 | Zot:3    | Identified the amulet "Jachi" {RegenMP rPois Will- SInv
                  | Stlth+}
 78130 | Zot:5    | Entered Level 5 of the Realm of Zot
 78280 | Zot:5    | Noticed an orb of fire
 78281 | Zot:5    | Gained mutation: Your spells are a little easier to cast,
                  | but a little less powerful. [an orb of fire]
 78297 | Zot:5    | Killed an orb of fire
 78600 | Zot:5    | Noticed an ancient lich
 78721 | Zot:5    | Noticed an orb of fire
 78728 | Zot:5    | Gained mutation: Your body sometimes deteriorates upon
                  | taking damage. [an orb of fire]
 78737 | Zot:5    | Killed an orb of fire
 78744 | Zot:5    | Killed an ancient lich
 78982 | Zot:5    | Noticed an orb of fire
 79003 | Zot:5    | Killed an orb of fire
 79015 | Zot:5    | Noticed an ancient lich
 79024 | Zot:5    | Killed an ancient lich
 79256 | Zot:5    | Noticed an orb of fire
 79263 | Zot:5    | Gained mutation: You are clumsy. (Dex -2) [an orb of fire]
 79264 | Zot:5    | Noticed an orb of fire
 79264 | Zot:5    | Gained mutation: You are dopey. (Int -2) [an orb of fire]
 79266 | Zot:5    | Identified the +2 halberd of the Enchanting Puffin {freeze,
                  | +Blink rF+}
 79272 | Zot:5    | Killed an orb of fire
 79277 | Zot:5    | Gained mutation: Potions are less effective at restoring
                  | your health. [an orb of fire]
 79280 | Zot:5    | Killed an orb of fire
 79281 | Zot:5    | Noticed an orb of fire
 79281 | Zot:5    | Noticed an ancient lich
 79292 | Zot:5    | Killed an orb of fire
 79309 | Zot:5    | Killed an ancient lich
 79576 | Zot:5    | Lost mutation: Your body sometimes deteriorates upon taking
                  | damage. [potion of mutation]
 79576 | Zot:5    | Lost mutation: Your spells are a little easier to cast, but
                  | a little less powerful. [potion of mutation]
 79576 | Zot:5    | Gained mutation: Your muscles are strong. (Str +4, Int/Dex
                  | -1) [potion of mutation]
 79577 | Zot:5    | Lost mutation: Your muscles are strong. (Str +4, Int/Dex
                  | -1) [potion of mutation]
 79577 | Zot:5    | Lost mutation: You are somewhat resistant to further
                  | mutation. [potion of mutation]
 79577 | Zot:5    | Lost mutation: You are dopey. (Int -2) [potion of mutation]
 79577 | Zot:5    | Gained mutation: You occasionally shout uncontrollably at
                  | your foes. [potion of mutation]
 79577 | Zot:5    | Gained mutation: You are covered in fur. (AC +1) [potion of
                  | mutation]
 79577 | Zot:5    | Lost mutation: You are clumsy. (Dex -2) [potion of
                  | mutation]
 79577 | Zot:5    | Gained mutation: You are agile. (Dex +4, Str/Int -1)
                  | [potion of mutation]
 79578 | Zot:5    | Lost mutation: You occasionally shout uncontrollably at
                  | your foes. [potion of mutation]
 79578 | Zot:5    | Lost mutation: You are agile. (Dex +4, Str/Int -1) [potion
                  | of mutation]
 79578 | Zot:5    | Gained mutation: You are agile. (Dex +4, Str/Int -1)
                  | [potion of mutation]
 79578 | Zot:5    | Gained mutation: You have a pair of small horns on your
                  | head. [potion of mutation]
 79579 | Zot:5    | Lost mutation: Potions are less effective at restoring your
                  | health. [potion of mutation]
 79579 | Zot:5    | Lost mutation: You are covered in fur. (AC +1) [potion of
                  | mutation]
 79579 | Zot:5    | Lost mutation: You have a pair of small horns on your head.
                  | [potion of mutation]
 79579 | Zot:5    | Gained mutation: You occasionally lose the ability to drink
                  | potions when taking damage. [potion of mutation]
 79579 | Zot:5    | Gained mutation: Your skin changes colour to match your
                  | surroundings (Stealth+). [potion of mutation]
 79580 | Zot:5    | Lost mutation: You are agile. (Dex +4, Str/Int -1) [potion
                  | of mutation]
 79580 | Zot:5    | Lost mutation: Your skin changes colour to match your
                  | surroundings (Stealth+). [potion of mutation]
 79580 | Zot:5    | Lost mutation: You occasionally lose the ability to drink
                  | potions when taking damage. [potion of mutation]
 79580 | Zot:5    | Gained mutation: You are dopey. (Int -2) [potion of
                  | mutation]
 79580 | Zot:5    | Gained mutation: Your flesh is heat resistant. (rF+)
                  | [potion of mutation]
 79907 | Zot:5    | Got the Orb of Zot
 80131 | Depths:3 | Noticed Luedook the pandemonium lord
 80143 | Depths:3 | Killed Luedook the pandemonium lord
 80439 | D:$      | Escaped with the Orb!

Illustrated notes

Levels and vault maps discovered:
D:1:      minmay_arrival_checkered_box, layout_basic,
          shapermc_ecumenical_altar_mp_urbaneastern, serial_shops,
          nicolae_shop_hallway_plus, minmay_pentomino_o4
D:2:      layout_rooms, uniq_terence
D:3:      layout_loops_ring, chequers_temple_overflow_statue_of_worship,
          serial_shops, shop
D:4:      layout_basic, grunt_temple_overflow_lords_of_destruction,
          minmay_temple_entry_antechambers, st_stairs_6, uniq_natasha
D:5:      layout_loops_ring, tgw_trog, tso_metal_star,
          mainiacjoe_overflow_alcove_2, uniq_ijyb
D:6:      layout_loops_ring, zin_scriptorium,
          mainiacjoe_overflow_catch_the_wave, lexackson_kobold_supper,
          uniq_grinder
D:7:      layout_basic
D:8:      layout_rooms, kennysheep_mini_moat, due_lair_maze_entry_diamond,
          minivault_14
D:9:      kb_forest_paths, layout_basic, grunt_gozag_breadcrumbs,
          mainiacjoe_overflow_surrounded_room
D:10:     layout_basic, kennysheep_boxes, uniq_josephine
D:11:     layout_long_grid
D:12:     nzn_winding_woodlands_three_and_one [nzn_winding_woodlands_5x15_pool,
          nzn_winding_woodlands_5x15_cabin,
          nzn_winding_woodlands_5x15_river_crossing,
          nzn_winding_woodlands_center_pierced_h], layout_basic,
          gammafunk_ghost_stat_death
D:13:     layout_layer_cave, lightli_vaults_fourway_checkpoint,
          nicolae_concentric_dashed_squares_wild
D:14:     layout_rooms, serial_bayou_ford_a, dreamdust_princess_corridor,
          chequers_mini_garden, minmay_shattered_shrine, uniq_azrael
D:15:     hangedman_depths_entry_try_elsewhere_first, layout_loops_ring,
          minmay_misc_feat_five, nicolae_ru_awakened_eye
Temple:   nicolae_temple_superstar
Lair:1:   gammafunk_lair_enchanted_lake, layout_gridlike,
          chequers_serial_rivers_small_3
Lair:2:   layout_regular_city, dummy_snake_entry, fungi_pond_lemuel,
          serial_bayou_shore_b, uniq_erica
Lair:3:   layout_layer_cave, minmay_swamp_entry_reptiles, serial_bayou_shore_a,
          serial_bayou_shore_b, uniq_gastronok
Lair:4:   layout_roguey, nicolae_slime_entry_slimehenge, gammafunk_ghost_arena,
          nzn_sisyphean_effort, serial_bayou_shore_b
Lair:5:   hellmonk_lair_end_abyssal_woods, layout_concentric_octagons,
          grunt_megastairs_1, serial_bayou_shore_b, uniq_rupert
Swamp:1:  layout_basic_swamp, evilmike_swamp_ruin_wall,
          nicolae_swamp_alligator_family, uniq_kirke
Swamp:2:  layout_basic_swamp, portal_ice_cave_entry_ice_simulacra,
          nicolae_swamp_fairy_circle, swamp_pool5, water_boxes_lemuel,
          uniq_louise
Swamp:3:  layout_basic_swamp, evilmike_swamp_ruin_house_6, swamp_pool2,
          uniq_mlioglotl, uniq_roxanne
Swamp:4:  swamp_alternative, layout_basic_swamp
Snake:1:  layout_layer_cave, st_stairs_12
Snake:2:  layout_rooms, minmay_shop_grove
Snake:3:  layout_chambers, nicolae_snake_magic_snake_eye
Snake:4:  snake_pit, layout_misc_corridors, uniq_aizul
Orc:1:    layout_diamond_mine, basic_altar, nicolae_shop_self_help
Orc:2:    st_orc_ogre_mass, layout_caves, uniq_urug, uniq_nessos
Elf:1:    eino_elf_arrival_customs, layout_geoelf_grid, minmay_elf_sorcery
Elf:2:    nicolae_elf_blades_crystal_corner, layout_onion_city, uniq_agnes
Elf:3:    elf_hall, layout_loops_corners, uniq_zenata
Vaults:1: hangedman_vaults_cutoff, ontoclasm_vaults_echo,
          hangedman_vaults_nails, ontoclasm_vaults_decontamination,
          vaults_dpeg_encased_lava, nicolae_vaults_sesquioval_fish,
          layout_vaults_quadrants, serial_shops, shop
Vaults:2: ontoclasm_vaults_eye, nicolae_vaults_turnstiles, v_misc_3,
          vaults_room_boxed, v_pattern_5, hangedman_vaults_snaps, v_misc_19,
          minmay_crypt_entry_necro_gods, nicolae_vaults_diamond_2,
          st_smaller_cells, nicolae_vaults_little_squares_5, layout_vaults_ring,
          serial_shops, nicolae_shop_peninsula, nicolae_shop_real_fake_doors,
          serial_glass
Vaults:3: mu_enter_wizlab_5, grunt_vaults_funnel,
          nicolae_vaults_sesquioval_fish, ontoclasm_vaults_twist,
          nicolae_vaults_door_testing_chamber, special_room_vaults
          [special_room_orc], nicolae_vaults_mini_display_case,
          vaults_room_door_hall, v_rooms_3, nicolae_vaults_big_angled_halls,
          nicolae_vaults_little_squares_5, nicolae_vaults_house_3,
          layout_vaults_maze_bifur
Vaults:4: vaults_room_door_ring, nicolae_vaults_double_plus_1,
          nicolae_vaults_network_barrier, vaults_room_ringed_pool,
          grunt_vaults_hallway_long, nicolae_vaults_network_quinsquares
          [nicolae_vaults_network_quincunx_subvault,
          nicolae_vaults_network_quincunx_subvault,
          nicolae_vaults_network_quincunx_subvault,
          nicolae_vaults_network_quincunx_subvault],
          nicolae_vaults_sesquioval_fish, nicolae_vaults_apartment_2,
          nicolae_vaults_trapezoid_2, nicolae_vaults_tetromino_L_1,
          layout_vaults_big_room, serial_shops, nicolae_shop_mannequins
Vaults:5: serial_shops, uniq_sojobo
Crypt:1:  layout_misc_corridors, hellmonk_ghost_big_iron, uniq_jory,
          uniq_margery
Crypt:2:  layout_chaotic_city, grunt_megastairs_2
Crypt:3:  quadcrypt_mu, uniq_josephina
Depths:1: layout_gridlike, chequers_serial_rivers_micro_d, grunt_metal_band,
          grunt_ministairs_13, lightli_church_of_beogh, serial_bayou_shore_b,
          uniq_mara, uniq_saint_roka
Depths:2: minmay_the_grid_square_5x5_5x5_mashed [minmay_the_grid_square_5x5_z,
          minmay_the_grid_square_5x5_inset,
          minmay_the_grid_square_5x5_tri_point, minmay_the_grid_square_5x5_plus,
          minmay_the_grid_square_5x5_minivault,
          minmay_the_grid_square_5x5_two_walls_a,
          minmay_the_grid_square_5x5_prize_deathbox,
          minmay_the_grid_square_5x5_hollow_slash,
          minmay_the_grid_square_5x5_prize_pseudospiral,
          minmay_the_grid_square_5x5_minibox,
          minmay_the_grid_square_5x5_bracketed,
          minmay_the_grid_square_5x5_checkered_statues,
          minmay_the_grid_square_5x5_prize_junk, minmay_the_grid_square_5x5_v,
          minmay_the_grid_square_5x5_eight_small,
          minmay_the_grid_square_5x5_eight,
          minmay_the_grid_square_5x5_prize_open,
          minmay_the_grid_square_5x5_hourglass,
          minmay_the_grid_square_5x5_prize_open,
          minmay_the_grid_square_5x5_shrine1,
          minmay_the_grid_square_5x5_inner_v,
          minmay_the_grid_square_5x5_three_walls,
          minmay_the_grid_square_5x5_slash,
          minmay_the_grid_square_5x5_checkered,
          minmay_the_grid_square_5x5_two_walls_b], layout_cave_pools,
          rand_demon_pan_entry_8, patterned_corridor, hell_entry,
          hex_subvault_roundabout, uniq_grunn
Depths:3: minmay_crystal_thing, layout_cave_pools, hell_entry,
          minmay_room_of_horrors, minmay_shop_star, infiniplex_staircase_river
Depths:4: evilmike_zot_entry_round, layout_basic, enter_ziggurat_a,
          serial_shops, nicolae_shop_gibbet_a_chance, hell_entry,
          minmay_misc_feat_iff, dreamdust_wishing_well,
          minmay_misc_feat_diagonals, uniq_enchantress
Zot:1:    layout_onion_interference, grunt_ministairs_12
Zot:2:    layout_cathedral_of_symmetry
Zot:3:    layout_concentric_octagons, gammafunk_ghost_crypt, grunt_megastairs_5
Zot:4:    layout_gridlike
Zot:5:    layout_cathedral_of_symmetry

Skill      XL: |  1  2  3  4  5  6  7  8  9 10 11 12 13 14 15 16 17 18 19 20 21 22 23 24 25 26 27 |
---------------+----------------------------------------------------------------------------------+-----
Shapeshifting  | 4 5 6 7 8 9 10 11 12 13 14 15 16 17 18 19 21 | 21.8
Dodging        | 2 3 5 6 7 8 9 10 11 12 13 14 15 16 17 18 20 | 20.1
Invocations    | 2 3 5 7 11 13 14 15 16 17 18 20 | 20.0
Fighting       | 2 4 5 7 8 9 11 12 13 14 15 16 17 18 19 20 21 23 | 23.4
Unarmed Combat | 4 6 8 9 11 13 14 15 17 18 19 20 21 22 23 24 25 26 27 | 27.0
Stealth        | 3 4 5 6 8 9 10 11 12 13 14 | 14.8
Shields        | 2 7 9 11 13 15 | 15.0

Action                     |  1- 3 |  4- 6 |  7- 9 | 10-12 | 13-15 | 16-18 | 19-21 | 22-24 | 25-27 || total
---------------------------+-------+-------+-------+-------+-------+-------+-------+-------+-------++-------
  Melee: Unarmed           |   114 |   185 |   303 |   516 |   964 |  1584 |  1801 |  2033 |  1849 ||  9349
         Tailslap          |    16 |    24 |    64 |   120 |   183 |   341 |   507 |   491 |   374 ||  2120
         Punch             |     2 |     2 |       |     5 |    80 |    47 |       |       |     5 ||   141
         Maw               |       |       |       |       |       |   383 |   893 |   425 |       ||  1701
 Invoke: Heal Self         |       |       |       |       |     2 |    28 |     8 |    11 |    29 ||    78
         Divine Vigour     |       |       |       |       |     1 |     1 |     1 |       |     2 ||     5
         Purification      |       |       |       |       |       |     3 |       |       |       ||     3
         Heal Other        |       |       |       |       |       |     3 |       |       |       ||     3
Ability: Breathe Noxious F |       |       |     8 |    19 |    15 |    13 |    20 |    14 |       ||    89
  Evoke: Wand              |       |       |     3 |     4 |     3 |       |     1 |     9 |    11 ||    31
    Use: Scroll            |     7 |     5 |    12 |     3 |     8 |     9 |     1 |    11 |    15 ||    71
         Potion            |       |     1 |     1 |     1 |     7 |     5 |     1 |     1 |    12 ||    29
   Stab: Sleeping          |       |     2 |       |     2 |     6 |    10 |    22 |    31 |    18 ||    91
         Confused          |       |       |    12 |    23 |     7 |     8 |    29 |    13 |       ||    92
         Distracted        |       |       |       |       |     2 |     3 |     3 |     9 |    13 ||    30
         Fleeing           |       |       |       |       |       |       |       |     1 |       ||     1
 Armour: Skin              |    21 |    57 |   106 |   175 |   401 |  1144 |   722 |  1371 |  1989 ||  5986
  Dodge: Dodged            |    81 |    93 |   223 |   355 |   712 |  1149 |   743 |  1176 |  1625 ||  6157
  Block: Other             |    26 |    26 |    55 |    89 |   180 |       |       |       |       ||   376
         Reflection        |       |       |     1 |     1 |       |       |    63 |    22 |    49 ||   136
         Kite shield       |       |       |       |       |       |   473 |   761 |  1281 |  1613 ||  4128
Riposte: Unarmed           |       |       |       |       |       |       |   242 |   198 |       ||   440
   Form: Flux              |       |     1 |       |     1 |     5 |     3 |       |       |       ||    10
         Blade             |       |       |       |     2 |     5 |     3 |       |       |       ||    10
                           |       |       |       |       |       |     1 |       |       |       ||     1
         Maw               |       |       |       |       |       |     1 |       |     1 |       ||     2
         Statue            |       |       |       |       |       |       |       |     2 |       ||     2
         Storm             |       |       |       |       |       |       |       |       |     1 ||     1

Table legend: (Time is in decaauts)
 A = Elapsed time spent in this place.
 B = Non-inter-level travel time spent in this place.
 C = Inter-level travel time spent in this place.
 D = Time resting spent in this place.
 E = Time spent auto-exploring this place.
 F = Levels seen in this place.
 G = Mean time per level.
                   A        B        C        D        E       F      G
               +--------+--------+--------+--------+--------+-----+--------+
         Total |  88657 |  82132 |   6525 |  24906 |  36222 |  57 | 1555.4 |
       Dungeon |  18373 |  15776 |   2597 |   3933 |   8974 |  15 | 1224.9 |
        Temple |     36 |      2 |     34 |      0 |      0 |   1 |   36.0 |
          Lair |   7525 |   6715 |    810 |   1731 |   3638 |   5 | 1505.0 |
         Swamp |   5027 |   4767 |    260 |   1972 |   1761 |   4 | 1256.8 |
     Snake Pit |   8231 |   8034 |    197 |   3120 |   2905 |   4 | 2057.8 |
  Orcish Mines |   1770 |   1411 |    359 |    217 |    744 |   2 |  885.0 |
   Elven Halls |   4477 |   4278 |    199 |    878 |   1968 |   3 | 1492.3 |
        Vaults |  10884 |   9996 |    888 |   3036 |   4473 |   5 | 2176.8 |
         Crypt |   6197 |   5984 |    213 |   1702 |   2783 |   3 | 2065.7 |
        Depths |  11494 |  10685 |    809 |   4014 |   3778 |   4 | 2873.5 |
           Zot |  10605 |  10450 |    155 |   2852 |   4701 |   5 | 2121.0 |
         Abyss |   1716 |   1716 |      0 |    397 |    324 |   4 |  429.0 |
      Ice Cave |    502 |    502 |      0 |    300 |      0 |   1 |  502.0 |
        Wizlab |   1811 |   1811 |      0 |    750 |    170 |   1 | 1811.0 |
               +--------+--------+--------+--------+--------+-----+--------+

Top non-repeatable levels by time:
Depths:1: 4559 daAuts
Vaults:4: 2979 daAuts
Vaults:5: 2938 daAuts
 Crypt:3: 2905 daAuts
 Snake:3: 2882 daAuts
 Snake:4: 2811 daAuts
Depths:4: 2586 daAuts
Depths:2: 2539 daAuts
   Zot:5: 2483 daAuts
   Zot:1: 2274 daAuts
    D:12: 2220 daAuts
     D:9: 2194 daAuts
   Zot:3: 2183 daAuts
   Zot:2: 2083 daAuts
 Crypt:2: 1887 daAuts
